Cogmind - Beta 11 X6 @@@ ROGUE MODE // 2021.07.24 @ 23:51:48 Player: AlmondRoll Result: Self-destructed Performance ------------- Evolutions (2) 1000 Regions Visited (5) 1000 Robots Destroyed (30) 150 Value Destroyed (505) 505 Prototype IDs (26) 520 Alien Tech Used (0) 0 Bonus (442) 442 TOTAL SCORE: 3617 Bonus ------- Follower Combat Kills 142 Aligned with FarCom 300 Cogmind --------- Core Integrity 518/550 Matter 290/300 Energy 125/125 System Corruption 0% Temperature Cool (0) Movement Rolling (90) Location -8/Materials Parts ------- > --- POWER (1) -------- Light Ion Engine > --- PROPULSION (3) --- Armored Wheel Hover Unit > --- UTILITY (5) ------ Small Storage Unit Structural Scanner > --- WEAPON (2) ------- Longsword +1 > --- INVENTORY (8) ---- Light Ion Engine Light Deuterium Engine High-capacity Battery (250) Light Assault Rifle Light Assault Rifle Grenade Launcher Rocket Launcher Peak State ------------ > --- POWER ------------ Light Ion Engine > --- PROPULSION ------- Potential Leg Potential Leg > --- UTILITY ---------- Small Storage Unit Structural Scanner > --- WEAPON ----------- Longsword +1 > --- INVENTORY -------- Light Ion Engine Compact Wheel Hover Unit Improved Heat Sink Trap Reconfigurator Light Assault Rifle Light Assault Rifle Rocket Launcher [Rating: 32] Favorites ----------- Power Light Ion Engine Engine Light Ion Engine Propulsion Hover Unit Leg Potential Leg Wheel Compact Wheel Hover Unit Hover Unit Utility Small Storage Unit Device Structural Scanner Storage Small Storage Unit Processor Targeting Computer Weapon Light Assault Rifle Energy Gun Small Laser Ballistic Gun Light Assault Rifle Launcher Rocket Launcher Special Weapon Mining Laser Slashing Weapon Longsword +1 Build | -11 -10 -10 -10 -9 -8 ------- Run | Scr Mat Min Exi Min Mat Slots Evolved 4 | . . . . . 4 Power . | . . . . . . Propulsion 1 | . . . . . 1 Utility 3 | . . . . . 3 Weapon . | . . . . . . Parts Attached 28 | 4 14 1 6 . 3 Power 2 | . 2 . . . . Engine 2 | . 2 . . . . Core . | . . . . . . Reactor . | . . . . . . Propulsion 13 | 2 5 . 4 . 2 Treads . | . . . . . . Leg 2 | . . . 2 . . Wheel 5 | 2 2 . . . 1 Hover 6 | . 3 . 2 . 1 Flight . | . . . . . . Utility 3 | 1 2 . . . . Device 2 | 1 1 . . . . Storage . | . . . . . . Processor 1 | . 1 . . . . Hackware . | . . . . . . Protection . | . . . . . . Artifact . | . . . . . . Weapon 10 | 1 5 1 2 . 1 Energy Gun . | . . . . . . Energy Cannon . | . . . . . . Ballistic Gun 5 | 1 4 . . . . Ballistic Cannon . | . . . . . . Launcher 2 | . . 1 . . 1 Special Weapon 2 | . 1 . 1 . . Impact Weapon . | . . . . . . Slashing Weapon 1 | . . . 1 . . Piercing Weapon . | . . . . . . Special Melee Weapon . | . . . . . . Unidentified Prototypes . | . . . . . . Parts Lost 3 | . 1 . . . 2 Power . | . . . . . . Propulsion 3 | . 1 . . . 2 Utility . | . . . . . . Weapon . | . . . . . . Highest Loss Streak 1 | . 1 . . . 1 Average Slot Usage (%) 92 | . 99 100 87 85 57 Engine 13 | . 14 14 14 14 9 Leg 3 | . . . 10 . . Wheel 3 | . 9 . . . 1 Hover 20 | . 18 28 17 28 19 Device 10 | . 4 14 14 14 9 Storage 13 | . 14 14 14 14 9 Processor 2 | . 8 . . . . Ballistic Gun 12 | . 27 14 2 . . Launcher 3 | . . 12 1 . 1 Slashing Weapon 5 | . . . 11 14 9 Naked Turns . | . . . . . . Heaviest Build 15 | 11 11 14 14 12 15 Greatest Support 60 | 26 32 12 60 12 18 Greatest Overweight (x) 3 | . 1 1 3 . 1 Average Overweight (x) . | . . . . . . Largest Inventory Capacity 8 | 8 8 8 8 8 8 Average Capacity 8 | 8 8 8 8 8 8 Most Carried 8 | 6 8 8 8 8 8 Average Carried 7 | 3 7 7 7 7 7 Final Capacity 8 | 8 8 8 8 8 8 Final Carried 8 | 5 8 8 7 8 7 Class Distribution -------------------- 54% | Commander-Mutant 45% | Mutant Dominant Class ---------------- Mutant | -10/Materials Commander-Mutant | -10/Mines Commander-Mutant | -10/Exiles Mutant | -9/Mines Mutant | -8/Materials Resources | -11 -10 -10 -10 -9 -8 ----------- Run | Scr Mat Min Exi Min Mat Matter Collected 642 | 252 283 32 . 60 15 Remotely . | . . . . . . Salvage Created 1042 | 107 803 28 . 104 . Parts 63 | 5 47 7 . 4 . Haulers Intercepted 2 | . 2 . . . . Recyclers Shooed 3 | . 3 . . . . Parts Field Recycled . | . . . . . . Retrieved Matter . | . . . . . . Parts Self-Destructed . | . . . . . . Prevented . | . . . . . . Kills | -11 -10 -10 -10 -9 -8 ------- Run | Scr Mat Min Exi Min Mat Combat Hostiles Destroyed 15 | . 10 3 . 2 . Melee 2 | . . . . 2 . Guns 10 | . 10 . . . . AOE 3 | . . 3 . . . Classes Destroyed 9 | 2 6 1 . . . Worker 1 | . . 1 . . . Builder 2 | . 1 . . 1 . Tunneler 1 | 1 . . . . . Hauler 2 | . 2 . . . . Recycler 4 | 1 3 . . . . Operator 2 | . 2 . . . . Watcher 3 | . 3 . . . . Swarmer 6 | . 3 3 . . . Grunt 9 | . 7 . . 2 . Best Kill Streak 8 | 2 8 3 . 2 . Combat Bots Only 3 | . 3 3 . 2 . Max Kills in Single Turn 2 | 1 1 2 . 1 . Gunslinging . | . . . . . . Exploded 2 | . . 2 . . . Melee 1 | . . . . 1 . Uniques/NPCs Destroyed . | . . . . . . Combat | -11 -10 -10 -10 -9 -8 -------- Run | Scr Mat Min Exi Min Mat Damage Taken 556 | . 310 74 . 14 158 Core 138 | . 83 9 . 14 32 Absorbed by Shields . | . . . . . . Core Remaining (%) 78 | 100 . . . 57 . Volleys Fired 85 | 6 75 4 . . . Largest 2 | 2 2 1 . . . Hottest 100 | 40 100 100 . . . Shots Fired 165 | 12 149 4 . . . Gun 160 | 12 148 . . . . Cannon . | . . . . . . Launcher 2 | . . 2 . . . Special 3 | . 1 2 . . . Kinetic 160 | 12 148 . . . . Thermal 3 | . 1 2 . . . Explosive 2 | . . 2 . . . Electromagnetic . | . . . . . . Robot Hit Streak 11 | 3 11 1 . . . Robot Miss Streak 4 | 1 4 1 . . . Penetration Max . | . . . . . . Secondary Targets 3 | . 3 . . . . Max Gunslinging Chain 1 | . 1 . . . . Shots Hit Robots 113 | 8 95 1 . 6 3 Core Hits 55 | 4 44 4 . 3 . Critical Kills 1 | . 1 . . . . Critical Parts Destroyed . | . . . . . . Critical Strikes 2 | . 1 . . 1 . Destroy 1 | . 1 . . . . Sever 1 | . . . . 1 . Melee Attacks 16 | . . . 5 6 5 Impact . | . . . . . . Slashing 16 | . . . 5 6 5 Piercing . | . . . . . . Sneak Attacks 2 | . . . . 1 1 Combat Hostiles . | . . . . . . Follow-up Attacks . | . . . . . . Damage Inflicted 1639 | 64 773 156 . 419 227 Guns 837 | 64 773 . . . . Cannons . | . . . . . . Explosions 132 | . . 132 . . . Melee 646 | . . . . 419 227 Ramming . | . . . . . . Kinetic 837 | 64 773 . . . . Thermal 24 | . . 24 . . . Explosive 132 | . . 132 . . . Electromagnetic . | . . . . . . Impact . | . . . . . . Slashing 646 | . . . . 419 227 Piercing . | . . . . . . Highest Corruption . | . . . . . . Average Corruption . | . . . . . . Corruption Purged . | . . . . . . Overload Shots . | . . . . . . Overflow Damage 5 | . . . . 5 . Projectiles . | . . . . . . Explosions . | . . . . . . Melee 5 | . . . . 5 . Knockbacks . | . . . . . . Impact . | . . . . . . Kinetic . | . . . . . . Secondary . | . . . . . . Self-Inflicted Damage 47 | . . 47 . . . Shots 1 | . . 1 . . . Rammed . | . . . . . . Targets Rammed . | . . . . . . Kicked . | . . . . . . Crushed . | . . . . . . Highest Temperature 30 | . 28 30 . . 4 Average Temperature 7 | . 6 17 . . 2 Received Heat Transfer 216 | . 135 . . 9 72 Siege Activations . | . . . . . . Robots Corrupted . | . . . . . . Combat Hostiles . | . . . . . . Parts Fried . | . . . . . . Impact Corruptions . | . . . . . . Robots Melted . | . . . . . . Combat Hostiles . | . . . . . . Parts Melted . | . . . . . . Heat Transferred 50 | . . 50 . . . Parts Sabotaged . | . . . . . . Parts Stolen . | . . . . . . Parts Stripped . | . . . . . . Power Chain Reactions . | . . . . . . Missiles Intercepted . | . . . . . . Alert | -11 -10 -10 -10 -9 -8 ------- Run | Scr Mat Min Exi Min Mat Peak Influence 324 | 10 324 144 . 96 94 Initial 35 | . 6 . . . 35 Average 115 | 5 144 105 . 83 57 Maximum Alert Level 1 | . 1 . . . . Low Security (%) 88 | 100 76 100 . 100 100 Level 1 11 | . 23 . . . . Level 2 . | . . . . . . Level 3 . | . . . . . . Level 4 . | . . . . . . Level 5 . | . . . . . . High Security . | . . . . . . Max Security . | . . . . . . Squads Dispatched 5 | . 3 . . . 2 Investigation 2 | . 1 . . . 1 Extermination . | . . . . . . Reinforcement 2 | . 2 . . . . Assault . | . . . . . . Garrison 1 | . . . . . 1 Intercept . | . . . . . . Construction Impeded . | . . . . . . Haulers Reinforced . | . . . . . . Active Scanning Responses . | . . . . . . Cargo Convoy Interrupts . | . . . . . . Stealth | -11 -10 -10 -10 -9 -8 --------- Run | Scr Mat Min Exi Min Mat Distress Signals . | . . . . . . Communications Jammed . | . . . . . . Distress Signals . | . . . . . . Times Spotted 34 | . 21 5 . 3 5 Peak Tracking Total 9 | . 2 3 9 3 4 Tactical Retreats . | . . . . . . Traps | -11 -10 -10 -10 -9 -8 ------- Run | Scr Mat Min Exi Min Mat Traps Triggered 2 | . 1 . . . 1 Indirectly . | . . . . . . Trap Hack Attempts . | . . . . . . Triggered . | . . . . . . Disarmed . | . . . . . . Reprogrammed . | . . . . . . Reused . | . . . . . . Traps Extracted . | . . . . . . Installed . | . . . . . . Triggered . | . . . . . . Machines | -11 -10 -10 -10 -9 -8 ---------- Run | Scr Mat Min Exi Min Mat Machines Disabled 5 | . . . 5 . . Max in Single Turn 1 | . . . 1 . . Machines Sabotaged . | . . . . . . Garrisons Compromised . | . . . . . . Overloaded Fab Kills . | . . . . . . Fab Network Shutdowns . | . . . . . . Hacking | -11 -10 -10 -10 -9 -8 --------- Run | Scr Mat Min Exi Min Mat Machines Accessed 10 | . 5 1 2 . 2 Terminals 7 | . 5 1 . . 1 Fabricators . | . . . . . . Repair Stations . | . . . . . . Recycling Units 1 | . . . . . 1 Scanalyzers . | . . . . . . Garrison Access . | . . . . . . Total Hacks 32 | . 17 2 2 . 11 Successful 20 | . 12 . 2 . 6 Failed 11 | . 4 2 . . 5 Catastrophic 1 | . 1 . . . . Database Lockouts 1 | . 1 . . . . Manual 26 | . 15 . 1 . 10 Terminals 24 | . 17 2 . . 5 Fabricators . | . . . . . . Repair Stations . | . . . . . . Recycling Units 6 | . . . . . 6 Scanalyzers . | . . . . . . Garrison Access . | . . . . . . Terminal Hacks 11 | . 9 . 2 . . Record 1 | . . . 1 . . Robot Analysis 6 | . 6 . . . . Prototype ID Bank 1 | . 1 . . . . Unreport Threat 2 | . 2 . . . . EX-Prototype ID Bank 1 | . . . 1 . . Fabricator Hacks . | . . . . . . Repair Station Hacks . | . . . . . . Recycling Unit Hacks 1 | . . . . . 1 Retrieve Components 1 | . . . . . 1 Scanalyzer . | . . . . . . Garrison Access Hacks . | . . . . . . Unauthorized Hacks 8 | . 3 . . . 5 Terminals 5 | . 3 . . . 2 Assimilate 1 | . 1 . . . . Botnet 3 | . 2 . . . 1 Disrupt 1 | . . . . . 1 Fabricators . | . . . . . . Repair Stations . | . . . . . . Recycling Units 3 | . . . . . 3 Monitor 1 | . . . . . 1 Reject 1 | . . . . . 1 Recyclers 1 | . . . . . 1 Scanalyzers . | . . . . . . Garrison Access . | . . . . . . Data Cores Recovered . | . . . . . . Used . | . . . . . . Hacking Detections 8 | . 5 1 . . 2 Full Trace Events . | . . . . . . Feedback Events . | . . . . . . Feedback Blocked . | . . . . . . Robot Schematics Acquired . | . . . . . . Robots Built . | . . . . . . Matter . | . . . . . . Time . | . . . . . . Total Robot Build Rating . | . . . . . . Part Schematics Acquired . | . . . . . . Parts Built . | . . . . . . Matter . | . . . . . . Time . | . . . . . . Total Part Build Rating . | . . . . . . Parts Repaired . | . . . . . . Time . | . . . . . . Parts Recycled . | . . . . . . Recycled Matter . | . . . . . . Retrieved Matter . | . . . . . . Retrieved Components 1 | . . . . . 1 Parts Scanalyzed . | . . . . . . Part Schematics Acquired . | . . . . . . Parts Damaged . | . . . . . . Bothacking | -11 -10 -10 -10 -9 -8 ------------ Run | Scr Mat Min Exi Min Mat Used RIF Installer . | . . . . . . Robots Hacked . | . . . . . . Non-combat . | . . . . . . Combat . | . . . . . . Robot Hacks Applied . | . . . . . . Relay Couplers Released . | . . . . . . Robots Rewired . | . . . . . . Allies Hacked . | . . . . . . Hacks Repelled . | . . . . . . Allies | -11 -10 -10 -10 -9 -8 -------- Run | Scr Mat Min Exi Min Mat Total Allies 4 | . 1 3 . . . Largest Group 4 | . 1 4 4 4 3 Highest-Rated Group 50 | . 10 50 50 50 40 Highest-Rated Ally 16 | . 10 16 16 16 16 Total Orders 2 | . . . 2 . . STAY 1 | . . . 1 . . FOLLOW 1 | . . . 1 . . Ally Attacks 43 | . . 14 . 13 16 Total Damage 479 | . . 144 . 179 156 Kills 6 | . . 2 . 1 3 Allies Corrupted . | . . . . . . Allies Melted . | . . . . . . Intel | -11 -10 -10 -10 -9 -8 ------- Run | Scr Mat Min Exi Min Mat Robot Analysis Total 6 | . 6 . . . . Derelict Logs Recovered 2 | . . 2 . . . Drone Launches . | . . . . . . Drone Recoveries . | . . . . . . Exploration | -11 -10 -10 -10 -9 -8 ------------- Run | Scr Mat Min Exi Min Mat Turns Passed 1806 | 34 576 401 572 131 92 Spaces Moved 1730 | 12 473 363 623 125 134 Core 2 | . . . 2 . . Treads . | . . . . . . Legs 227 | . . . 227 . . Wheels 158 | 12 141 . . . 5 Hover 1343 | . 332 363 394 125 129 Flight . | . . . . . . Fastest Speed 52 | 90 56 56 56 56 52 Average Speed 76 | 90 67 103 75 56 56 Slowest Speed 200 | 90 120 116 200 56 116 Overloaded Moves . | . . . . . . Propulsion Burnouts . | . . . . . . Robots Hopped . | . . . . . . Cave-ins Triggered . | . . . . . . Exploration Rate (%) 49 | 2 89 80 71 39 18 Regions Visited 5 Branch Regions 3 Pre-discovered Areas 2 | . . 1 1 . . Known Exits Taken . | . . . . . . Unknown Exits Taken 5 | 1 1 1 1 1 . Scrap Searched 2 | . . 1 . 1 . Spaces Dug 25 | . 1 22 . . 2 Terrain Destroyed 26 | . 1 23 . . 2 Melee 2 | . . . . . 2 Projectile 2 | . 1 1 . . . AOE 22 | . . 22 . . . Terrain Rammed . | . . . . . . Walls Destroyed . | . . . . . . Machines Disabled . | . . . . . . Actions | -11 -10 -10 -10 -9 -8 --------- Run | Scr Mat Min Exi Min Mat Total 2062 | 26 615 379 717 180 145 Wait 152 | . 22 8 75 47 . Move 1725 | 11 472 362 622 124 134 Hop . | . . . . . . Pick Up 20 | 2 12 2 1 2 1 Fast Attach 12 | 1 5 . 5 . 1 Attach 5 | 2 1 . . . 2 Detach 2 | . 1 . . . 1 Swap 11 | 1 8 1 1 . . Drop 34 | 3 19 2 8 1 1 Fire 85 | 6 75 4 . . . Melee 16 | . . . 5 6 5 Ram . | . . . . . . Kick . | . . . . . . Crush . | . . . . . . Escape Stasis . | . . . . . . Rewire . | . . . . . . Trap . | . . . . . . Miscellaneous . | . . . . . . Route ------- -11/Scrapyard -10/Materials (discovered 3 exits: [*Mat] / *Min x2) -10/Mines (discovered 3 exits: [*Mat x2] / *Exi) -10/Exiles -9/Mines -8/Materials History --------- Turn | Location | Event 14 | -11/Scrapyard | Discovered new exit (range 3) 35 | -11/Scrapyard | Entered Materials 35 | -10/Materials | Discovered new exit (range 15) 97 | -10/Materials | Discovered new exit (range 13) 212 | -10/Materials | Discovered new exit (range 5) 301 | -10/Materials | Build established: Mutant 576 | -10/Materials | Central database locked down 611 | -10/Materials | Entered Mines 611 | -10/Mines | Accompanied by 1 ally 613 | -10/Mines | Assisted by bots powering up and referring to "LRC-V3" 613 | -10/Mines | Learned Materials stockpile data 614 | -10/Mines | Learned location of Storage (-7) 620 | -10/Mines | Discovered new exit (range 8) 655 | -10/Mines | Discovered new exit (range 10) 659 | -10/Mines | Received a Rocket Launcher from a helpful Derelict 923 | -10/Mines | Build established: Commander-Mutant 1001 | -10/Mines | Deemed a non-threat by the Exiles lab entrance 1001 | -10/Mines | Discovered new exit (range 5) 1012 | -10/Mines | Entered Exiles 1012 | -10/Exiles | Accompanied by 4 allies 1040 | -10/Exiles | Met 8R-AWN 1061 | -10/Exiles | Met EX-HEX 1091 | -10/Exiles | Met EX-BIN 1102 | -10/Exiles | Aligned with FarCom system 1103 | -10/Exiles | Given EX-Vault access code 1115 | -10/Exiles | Opened EX-Vault 1121 | -10/Exiles | Found Longsword +1 1134 | -10/Exiles | Warned to stay clear of 0b10 Research branches 1162 | -10/Exiles | Found Trap Reconfigurator 1166 | -10/Exiles | Found Potential Leg 1168 | -10/Exiles | Found Potential Leg 1245 | -10/Exiles | Met EX-DEC 1270 | -10/Exiles | Learned location of Zion (-7) 1433 | -10/Exiles | Discovered new exit (range 11) 1567 | -10/Exiles | Attacked by the Exiles 1584 | -10/Exiles | Left Exiles lab with Longsword +1 1584 | -10/Exiles | Entered Mines 1584 | -9/Mines | Accompanied by 4 allies 1624 | -9/Mines | Met a Derelict bent on vengeance 1661 | -9/Mines | Discovered new exit (range 12) 1715 | -9/Mines | Entered Materials 1715 | -8/Materials | Accompanied by 3 allies 1715 | -8/Materials | Evolved 4 slots: Propulsion x1, Utility x3 1793 | -8/Materials | Garrison activated, responded to threat 1807 | -8/Materials | Self-destructed Last Messages --------------- Trojan loaded successfully. Testing... Terminal linked with 0 systems. Awaiting botnet instructions. >>Trojan(Disrupt) Trojan loaded successfully. Testing... Disruption routine running. 01789_ Slug penetrates Wall. 01793_ G-47 Trooper calls for garrison reinforcements. 01793_ ALERT: Activating Garrison Access M001. 01794_ Penetrated by Slug. 01795_ K-01 Serf collects debris. 01797_ Hover Unit destroyed. 01798_ K-01 Serf collects debris. 01799_ U-05 Engineer builds a Wall. 01801_ Sneak attack on A-02 Transporter. 01802_ K-01 Serf collects debris. 01803_ Slug penetrates Wall. 01803_ Critical hit (Burn: +37). Map ----- +----------------------------------------------------+ | | | | | | | | | | | | | | | | | | | | | | | | | | | | | | | | | ????????????????????????????????????????????###### | | ????????????????????????????????????????????## ! | | ???????########?????????????????????????????## = | | ???????###################??????????????????## | | ???????# ############################### | | ???????? ########################## | | ???????? | | ??????? Y | | ?????? uk | | ??????## u @ a | | ??????## ####+#+####### #################### | | ??????###????? ## ## #################### | | ???????????????## ## #########??######### | | ???????????????## ##+#########??## # | | ???????????????## # ##??## # | | ???????????????## # """ """ ##??## + | | ???????????????## # """ """ ##??##! """ # | | ???????????????## # """ """ ##??## """ # | | ???????????????## # ##??## """ # | | ???????????????## # ##??######### | | ???????????????## # ##??######### | | ???????????????## # ############# | | ???????????????####+############/################# | | ???????????????#### #### # | | ?????????????????????????? ?? # | | ????????????????????????? "G" # """ | | ????????????????????????! " " / "T" #### | | ????????????????????????? # # | | ???????????????????????#= # # ?? | | ???????????????????????######## + ?? | | ???????????????????????######## # ?? | | ?????????????????????????????## * # ?? | | ?????????????????????????????## # ?? | | ?????????????????????????????## """"" ##?? | +----------------------------------------------------+ Best States ------------- Heat Dissipation 31 Energy Generation 10 Energy Capacity 125 Matter Stores 300 Matter Capacity 300 Sight Range 16 Terrain Scan Range 16 Terrain Scan Density 10 Evasion (%) 57 Targeting Accuracy 5 Item Schematics ----------------- None Robot Schematics ------------------ None Fabricated ------------ Nothing Alien Tech Used ----------------- None Achievements -------------- None Challenges ------------ None Game ------ Seed AlphaExplosiveDriver Manual? 0 Play Time 00:19:21 Cumulative 289.0 hours Start 2021.07.24 @ 23:32:49 End 2021.07.24 @ 23:51:48 Sessions 1 Manual Loads 0 Difficulty Rogue Special Mode None Game No. 162 Rogue 162 Adventurer 0 Explorer 0 Win Type - Total 8 Types 6/0/1/1/0/0/0/0/0 Lore% 78 Gallery% 83 Achievement% 63 Wizard Run 0 Options --------- ASCII 0 Keyboard 0 Movement Numpad Keybinds 0 Fullscreen 1 Font 18/SmallcapsGlow Map View 76x50 Tactical HUD 1 Map Filters NONE Filters NONE Steam 1 RUN: 972078e9-55c6-4f97-b3f2-3469e6d342fc